 Dungeon Crawl Stone Soup version 0.20.0-6-gd3061e9 (webtiles) character file.

250600 dvd the Severer (level 20, -3/162 HPs)
             Began as a Formicid Abyssal Knight on May 27, 2017.
             Was the Champion of Lugonu.
             Slain by Xtahua (20 damage)
             ... on level 3 of the Vaults on May 28, 2017.
             The game lasted 03:40:12 (51245 turns).

dvd the Severer (Formicid Abyssal Knight)          Turns: 51245, Time: 03:40:18

Health: -3/162     AC: 13    Str: 19    XL:     20   Next: 90%
Magic:  21/33      EV: 24    Int: 20    God:    Lugonu [******]
Gold:   2139       SH: 13    Dex: 26    Spells: 19/38 levels left

rFire    + + .     SeeInvis +   a - +7 broad axe (elec)
rCold    + + .     Gourm    .   T - +0 shield
rNeg     + . .     Faith    .   L - +3 ring mail "Rofirr" {rPois rN+ MR+}
rPois    +         Spirit   .   (helmet unavailable)
rElec    +         Reflect  .   P - +3 cloak of Lugonu's Pride {*Corrode MR+ Dex+3}
rCorr    +         Harm     .   M - +2 pair of gloves
MR       +++++                  W - +2 pair of boots {run}
Stlth    +++++.....             i - amulet of Secrets {*Corrode rElec Regen+ Dex+4 Slay+5}
Regen    0.8/turn               r - ring of the Mage {Wiz MR++ Int+3}
MPRegen  0.3/turn               x - ring of protection from fire

@: agile, resistant, corroded, very slightly contaminated, quick
A: permanent stasis, dig shafts and tunnels, four strong arms, antennae 3,
clever 1, cold resistance 1
}: 1/15 runes: gossamer
a: Dig, Shaft Self, Depart the Abyss, Bend Space, Banish, Corrupt, Enter the
Abyss, Brand Weapon With Distortion, Renounce Religion


You were on level 3 of the Vaults.
You worshipped Lugonu.
Lugonu was exalted by your worship.
You were hungry.

You visited 6 branches of the dungeon, and saw 31 of its levels.
You visited the Abyss 1 time.
You also visited: Ice Cave.

You collected 3949 gold pieces.
You spent 1810 gold pieces at shops.

Inventory:

Hand Weapons
 a - a +7 broad axe of electrocution (weapon)
 b - a +3 arbalest
 X - a +1 dire flail of distortion
Missiles
 e - 76 tomahawks
 G - 507 bolts
 N - 5 poisoned tomahawks (quivered)
 V - 9 tomahawks of returning
Armour
 F - the +3 scale mail "Peah" {rPois Dex+4}
   (You found it on level 5 of the Lair of Beasts)

   It affects your dexterity (+4).
   It protects you from poison.
 L - the +3 ring mail "Rofirr" (worn) {rPois rN+ MR+}
   (You found it on level 13 of the Dungeon)

   It protects you from poison.
   It protects you from negative energy.
   It affects your resistance to hostile enchantments.
 M - a +2 pair of gloves (worn)
 P - the +3 cloak of Lugonu's Pride (worn) {*Corrode MR+ Dex+3}
   (You acquired it on level 3 of the Vaults)

   It affects your dexterity (+3).
   It affects your resistance to hostile enchantments.
   It may corrode you when you take damage.
 T - a +0 shield (worn)
 W - a +2 pair of boots of running (worn)
Jewellery
 f - the amulet "Yqannukh" {Gourm +Fly rN++ Str+3}
   (You found it on level 7 of the Dungeon)

   [amulet of the gourmand]

   It allows you to eat raw meat even when not hungry.
   It affects your strength (+3).
   It greatly protects you from negative energy.
   It lets you fly.
 g - the ring of the Scavenger {rC+ rN+ Dex+4}
   (You found it in an ice cave)

   [ring of positive energy]

   It affects your dexterity (+4).
   It protects you from cold.
   It protects you from negative energy.
 i - the amulet of Secrets (around neck) {*Corrode rElec Regen+ Dex+4 Slay+5}
   (You bought it in a shop on level 1 of the Vaults)

   [amulet of regeneration]

   It affects your dexterity (+4).
   It affects your accuracy and damage with ranged weapons and melee attacks
   (+5).
   It insulates you from electricity.
   It increases your rate of regeneration.
   It may corrode you when you take damage.
 o - the amulet of the Four Winds {rN+ MR+++ Clar}
   (You bought it in a shop on level 2 of the Orcish Mines)

   [amulet of nothing]

   It protects you from negative energy.
   It affects your resistance to hostile enchantments.
   It protects you against confusion.
 r - the ring of the Mage (left hand) {Wiz MR++ Int+3}
   (You found it on level 5 of the Lair of Beasts)

   [ring of wizardry]

   It improves your spell success rate.
   It affects your intelligence (+3).
   It affects your resistance to hostile enchantments.
 v - the ring of Ozxotzia {Str+3 Int+3 Slay+2}
   (You found it in an ice cave)

   [ring of slaying]

   It affects your strength (+3).
   It affects your intelligence (+3).
   It affects your accuracy and damage with ranged weapons and melee attacks
   (+2).
 x - a ring of protection from fire (right hand)
 C - an uncursed ring of resist corrosion
 D - the amulet of Itoicim {+Rage rElec MR+}
   (You found it in an ice cave)

   [amulet of rage]

   It insulates you from electricity.
   It affects your resistance to hostile enchantments.
   It lets you go berserk.
Wands
 s - a wand of iceblast (7/15)
 E - a wand of lightning (8/15)
 K - a wand of flame (24/48)
 S - a wand of acid (10/15)
 Z - a wand of clouds (5/9)
Scrolls
 d - 2 scrolls of summoning
 m - a scroll of enchant armour
 p - 11 scrolls of identify
 t - 8 scrolls of amnesia
 w - 6 scrolls of remove curse
 B - a scroll of recharging
 O - a scroll of magic mapping
 U - 2 scrolls of fog
Potions
 h - 2 potions of flight
 l - 3 potions of brilliance
 u - 5 potions of mutation
 y - a potion of magic
 z - 2 potions of resistance
 A - 5 potions of ambrosia
 J - 3 potions of curing
Books
 I - a book of the Dragon

   Spells                             Type                      Level
   a - Flame Tongue                   Conjuration/Fire             1
   b - Cause Fear                     Hexes                        4
   c - Bolt of Fire                   Conjuration/Fire             6
   d - Dragon Form                    Transmutation                7
   e - Dragon's Call                  Summoning                    9
 R - a book of Conjurations

   Spells                             Type                      Level
   a - Magic Dart                     Conjuration                  1
   b - Searing Ray                    Conjuration                  2
   c - Dazzling Spray                 Conjuration/Hexes            3
   d - Fulminant Prism                Conjuration/Hexes            4
   e - Force Lance                    Conjuration/Translocation    4
   f - Iskenderun's Mystic Blast      Conjuration                  4
Comestibles
 c - 23 bread rations
 j - 9 chunks of flesh
 k - 2 royal jellies
 n - 14 meat rations
 q - 33 fruits


   Skills:
 + Level 15.0 Fighting
 + Level 18.2 Axes
 + Level 0.6(12.3) Maces & Flails
   Level 2.2(12.4) Polearms
 + Level 11.4 Crossbows
 + Level 7.7 Throwing
 + Level 10.8 Armour
 + Level 8.6 Dodging
 + Level 7.6 Stealth
 + Level 10.6 Shields
 + Level 9.5 Spellcasting
 + Level 1.1 Conjurations
 + Level 10.1 Hexes
   Level 0.4 Ice Magic
 + Level 5.1 Air Magic
 + Level 7.8 Poison Magic
 + Level 9.7 Invocations
 + Level 0.4 Evocations


You had 19 spell levels left.
You knew the following spells:

 Your Spells              Type           Power        Failure   Level  Hunger
a - Cause Fear            Hex            #####.....   1%          4    ##.....
b - Poisonous Vapours     Pois/Air       #####.       1%          2    None
c - Confuse               Hex            #####...     1%          3    None
d - Tukima's Dance        Hex            #####...     1%          3    None
e - Dazzling Spray        Conj/Hex       ####..       1%          3    None
f - Force Lance           Conj/Tloc      ##......     32%         4    ##.....


Dungeon Overview and Level Annotations

Branches:
Dungeon (15/15)            Temple (1/1) D:5            Lair (6/6) D:11
 Shoals (0/4) Lair:4       Spider (4/4) Lair:2        Slime (0/5) Lair:6
    Orc (2/2) D:12            Elf (0/3) Orc:2        Vaults (3/5) D:13
  Crypt (0/3) Vaults:3     Depths (0/5) D:15

Altars:
Ashenzari
Cheibriados
Dithmenos
Elyvilon
Fedhas
Gozag
Hepliaklqana
Kikubaaqudgha
Makhleb
Nemelex Xobeh
Okawaru
Qazlal
Ru
Sif Muna
Trog
Uskayaw
Vehumet
Xom
Yredelemnul
Zin
The Shining One

Shops:
D:11 (   Orc:2 *[=:   Vaults:1 =

Annotations:
Spider:4 corrupted
Vaults:3 Xtahua


Innate Abilities, Weirdness & Mutations

You cannot be hasted, slowed, berserked, paralysed or teleported.
You can dig through walls and to a lower floor.
Your four strong arms can wield two-handed weapons with a shield.
You have a pair of large antennae on your head. (SInv)
Your mind is acute. (Int +2)
Your flesh is cold resistant. (rC+)


Message History

Unknown command.
Press: ? - help, Shift-Dir - straight line, f - Xtahua
Aim: Xtahua (moderately wounded, chance to defeat MR: 0%)
Okay, then.
Unknown command.
Press: ? - help, v - describe, . - travel
Here: Xtahua (moderately wounded)
The floor, spattered with blood.
Casting: Cause Fear
Confirm with . or Enter, or press ? or * to list all spells.
Okay, then.
Unknown command.
Casting: Cause Fear
Confirm with . or Enter, or press ? or * to list all spells.
Xtahua resists with almost no effort.
The vault guard resists with almost no effort.
The yaktaur looks frightened!
The vault warden looks frightened!
The yaktaur looks frightened!
The yaktaur resists with some effort.
The yaktaur looks frightened!
Xtahua bites you!!
You die...

................# {
............p...# .
..............p.# p..
................# ..
##############.####+####
####### #.()..c.c.'.c
......# #..)c.....#{
......# #..)D.....#
......# #p..(@....#
......# #.........#
......# #.........#
......# #.(.....(.#
......# ###########
......# .))...#
#)####### #..###..#


You could see Xtahua, 2 vault wardens, a vault guard (fleeing) and 4 yaktaurs.

Vanquished Creatures
  Jorgrun (Spider:2)
  Asterion (Spider:2)
  A sphinx (Vaults:3)
  Donald (Spider:4)
  3 orc warlords
  6 emperor scorpions
  2 vault wardens
  Aizul (Vaults:1)
  5 ghost moths (Spider:4)
  3 very ugly things (Vaults:1)
  3 ironheart preservers
  8 stone giants
  4 entropy weavers
  2 deep elf demonologists (Vaults:1)
  A dire elephant (Lair:5)
  The ghost of kuniqs the Blocker, a journeyman MiFi of the Shining One (D:13)
  A deep elf death mage (Vaults:1)
  2 ettins
  A great orb of eyes (Vaults:3)
  5 yaktaur captains
  A fire dragon (Vaults:1)
  6 vault guards
  4 ice dragons
  Harold (Lair:2)
  3 hydras
  2 rakshasas
  8 centaur warriors
  4 ogre magi
  5 catoblepae
  A vampire mage (D:15)
  14 two-headed ogres
  A death knight (D:13)
  A deep troll shaman (Vaults:2)
  6 death yaks (Lair:6)
  The ghost of skittles the Arsonist, a novice DrFE of Vehumet (D:9)
  6 orc high priests (Orc:2)
  3 deep elf knights
  A fire crab (shapeshifter) (Vaults:1)
  2 glowing orange brains (Vaults:1)
  4 unseen horrors
  13 skeletal warriors
  3 deep trolls (Vaults:2)
  A tengu zombie (Vaults:3)
  8 ironbrand convokers
  2 wizards
  2 deep elf archers
  8 deep elf magi
  A wolf spider zombie (D:15)
  12 orc knights
  4 oklob plants (Lair:2)
  A stone giant zombie (Vaults:3)
  3 harpies (Vaults:3)
  4 necromancers
  17 orb spiders
  A sphinx zombie (Vaults:3)
  25 ugly things
  4 tengu skeletons (Vaults:3)
  5 cyclopes
  34 wolf spiders
  3 manticores
  5 moths of wrath
  6 orc sorcerers
  3 stone giant skeletons (Vaults:3)
  3 centaur zombies
  2 ice statues (IceCv)
  A merfolk siren (Lair:4)
  11 elephants
  A black mamba (shapeshifter) (Vaults:1)
  4 black mambas
  Maurice (D:8)
  5 vault sentinels
  Psyche (D:12)
  3 gargoyles
  20 spiny frogs
  A torpor snail (Spider:3)
  A rime drake (shapeshifter) (Vaults:2)
  3 freezing wraiths
  7 kobold demonologists
  11 komodo dragons
  6 rime drakes
  21 yaktaurs
  A guardian mummy (D:15)
  17 demonic crawlers
  4 trolls
  2 polar bears
  A tengu conjurer (D:13)
  A jumping spider (shapeshifter) (D:15)
  34 jumping spiders
  A polar bear (shapeshifter) (Vaults:2)
  A hornet (shapeshifter) (Vaults:2)
  10 hornets
  A meliai zombie (D:13)
  13 slime creatures
  A raiju (shapeshifter) (Vaults:2)
  12 hippogriffs
  An ice dragon zombie (D:15)
  2 fire dragon zombies (D:15)
  20 blink frogs
  A spriggan zombie (D:15)
  97 redbacks
  2 human simulacra
  23 tarantellas
  3 wraiths
  An ettin skeleton (Vaults:3)
  2 wyverns
  A basilisk (Lair:2)
  41 yaks
  A vampire (D:10)
  A hungry ghost (D:14)
  9 wargs
  9 vampire mosquitoes
  2 acid dragons
  A deep troll zombie (Vaults:2)
  13 water moccasins
  67 orc warriors
  13 porcupines
  2 sky beasts
  2 black bears
  An ettin simulacrum (Vaults:2)
  3 necrophages
  2 eyes of draining
  18 ice beasts
  11 boggarts
  An elf skeleton (Vaults:3)
  20 ogres
  15 wolves
  24 centaurs
  4 phantoms
  6 human skeletons
  13 crocodiles
  2 gnoll sergeants
  2 human zombies
  24 big kobolds
  18 bullfrogs
  A water moccasin zombie (D:9)
  9 scorpions
  2 wyvern skeletons
  A hornet simulacrum (D:14)
  25 killer bees
  3 electric eels
  10 wights
  2 howler monkeys (D:3)
  9 crimson imps
  3 bullfrog zombies
  A quasit (D:8)
  A wyvern simulacrum (D:14)
  4 bullfrog skeletons
  46 orc priests
  27 orc wizards
  7 hounds
  4 jellies
  3 centaur skeletons
  A gnoll shaman (D:8)
  8 worker ants
  3 hell rats (Lair:3)
  A killer bee zombie (D:10)
  A howler monkey skeleton (D:4)
  16 adders
  19 gnolls
  5 river rats (Lair:3)
  5 shadow imps
  2 oozes
  2 adder skeletons
  2 worms
  3 dart slugs
  A leopard gecko (D:5)
  135 orcs
  A bat zombie (D:2)
  8 giant cockroaches
  3 goblins
  10 hobgoblins
  7 jackals
  9 quokkas
  2 ball pythons
  15 bats
  4 frilled lizards
  A jackal zombie (D:5)
  37 kobolds
  A leopard gecko skeleton (D:7)
  A leopard gecko zombie (D:7)
  10 rats
  11 fungi
  6 plants
1458 creatures vanquished.

Vanquished Creatures (collateral kills)
  A hydra (D:15)
  A two-headed ogre (D:15)
  An orc knight (Vaults:2)
  A hornet (Spider:4)
  3 orc warriors
  A crimson imp (D:15)
  2 orc priests (Orc:2)
  4 orcs
  A kobold (D:6)
15 creatures vanquished.

Vanquished Creatures (others)
  A spark wasp (Spider:3)
  A hydra (Lair:6)
  A shadow wraith (Vaults:1)
  A deep elf mage (Vaults:3)
  3 orb spiders
  A jumping spider (Spider:4)
  5 redbacks (Spider:4)
  A shadow (D:15)
  8 dancing weapons
  An orc (Orc:2)
  15 fungi
  7 plants (Lair:6)
45 creatures vanquished.

Grand Total: 1518 creatures vanquished

Notes
Turn   | Place    | Note
-------+----------+-------------------------------------------
     0 | Abyss:1  | dvd the Formicid Abyssal Knight began the quest for the Orb.
     0 | Abyss:1  | Reached XP level 1. HP: 18/18 MP: 2/2
    35 | Abyss:1  | Noticed a small abomination
    49 | D:1      | Escaped the Abyss
   295 | D:1      | Reached XP level 2. HP: 24/24 MP: 3/3
   591 | D:1      | Reached * piety under Lugonu
   693 | D:1      | Reached XP level 3. HP: 30/30 MP: 4/4
  1060 | D:2      | Found a shadowy altar of Dithmenos.
  1345 | D:2      | Reached skill level 1 in Dodging
  1347 | D:2      | Found an ancient bone altar of Kikubaaqudgha.
  1480 | D:2      | Reached XP level 4. HP: 16/37 MP: 5/5
  1910 | D:3      | Reached skill level 3 in Axes
  2203 | D:3      | Noticed an ogre
  2203 | D:3      | Found an iron altar of Okawaru.
  2437 | D:3      | Reached XP level 5. HP: 30/43 MP: 6/6
  2837 | D:4      | Noticed a phantom
  2880 | D:4      | Killed a phantom
  2880 | D:4      | Reached skill level 1 in Throwing
  2880 | D:4      | Reached skill level 1 in Stealth
  2880 | D:4      | Reached XP level 6. HP: 24/49 MP: 7/7
  3040 | D:4      | Noticed an ogre
  3098 | D:4      | You fall through a shaft!
  3098 | D:5      | Entered Level 5 of the Dungeon
  3374 | D:5      | Reached skill level 5 in Fighting
  3374 | D:5      | Reached XP level 7. HP: 54/56 MP: 8/8
  3397 | D:5      | Reached skill level 4 in Axes
  3626 | D:5      | Found a staircase to the Ecumenical Temple.
  3933 | D:5      | Found a hide-covered altar of Uskayaw.
  3945 | D:5      | Reached skill level 5 in Axes
  4037 | D:5      | Reached ** piety under Lugonu
  4051 | D:5      | Reached XP level 8. HP: 37/62 MP: 9/9
  4053 | D:5      | Reached skill level 5 in Armour
  4845 | D:4      | Reached skill level 6 in Axes
  5397 | D:4      | Got a twisted leather armour
  5408 | D:4      | Identified the +1 leather armour of the World {rF+ Stlth+} (You found it on level 4 of the Dungeon)
  5483 | D:4      | Reached XP level 9. HP: 69/69 MP: 10/10
  5792 | D:3      | Reached *** piety under Lugonu
  5971 | D:3      | Learned a level 2 spell: Ensorcelled Hibernation
  6064 | Temple   | Entered the Ecumenical Temple
  6608 | D:6      | Learned a level 2 spell: Poisonous Vapours
  6860 | D:6      | Found a glowing golden altar of the Shining One.
  7132 | D:6      | Learned a level 3 spell: Confuse
  7169 | D:7      | Reached skill level 7 in Axes
  7180 | D:7      | Found a basalt altar of Yredelemnul.
  7220 | D:7      | Reached skill level 1 in Spellcasting
  7278 | D:7      | Found a glowing golden altar of the Shining One.
  7394 | D:6      | Reached skill level 1 in Poison Magic
  7624 | D:7      | HP: 2/69 [wight/halberd (12)]
  7981 | D:2      | Gained mutation: Your flesh is cold resistant. (rC+) [potion of mutation]
  7981 | D:2      | Gained mutation: Your mind is acute. (Int +2) [potion of mutation]
  8299 | D:7      | Reached skill level 1 in Air Magic
  8337 | D:7      | Reached skill level 1 in Crossbows
  8414 | D:7      | Got a brightly glowing golden amulet
  8416 | D:7      | Identified the amulet "Yqannukh" {Gourm +Fly rN++ Str+3} (You found it on level 7 of the Dungeon)
  8745 | D:7      | Reached **** piety under Lugonu
  9165 | D:8      | Noticed Maurice
  9198 | D:8      | Reached XP level 10. HP: 75/77 MP: 12/12
  9244 | D:8      | Found a deep blue altar of Sif Muna.
  9479 | D:8      | Identified Sif Muna's Grimoire of Moulding
 10013 | D:8      | Reached skill level 8 in Axes
 10089 | D:8      | You fall through a shaft!
 10089 | D:9      | Noticed a kobold demonologist
 10119 | D:9      | Killed a kobold demonologist
 10119 | D:9      | Reached skill level 1 in Polearms
 10217 | D:9      | Noticed a two-headed ogre
 10634 | D:8      | Killed Maurice
 10723 | D:8      | Found a bloodstained altar of Trog.
 11442 | D:9      | Reached skill level 1 in Hexes
 11448 | D:9      | Learned a level 3 spell: Tukima's Dance
 11487 | D:9      | Reached ***** piety under Lugonu
 11507 | D:9      | Got a jewelled ring mail
 11519 | D:9      | Identified the +2 ring mail of Hysteria {Dex+5} (You found it on level 9 of the Dungeon)
 11529 | D:9      | Reached XP level 11. HP: 84/84 MP: 11/16
 11557 | D:9      | Identified a scroll of acquirement
 11587 | D:9      | Killed a two-headed ogre
 12053 | D:9      | Noticed skittles's ghost (novice DrFE)
 12063 | D:9      | Killed skittles's ghost
 12063 | D:9      | Reached skill level 9 in Axes
 12175 | D:9      | Identified the Almanac of Creation
 12237 | D:10     | Entered Level 10 of the Dungeon
 12313 | D:10     | Reached skill level 5 in Crossbows
 12700 | D:10     | Got an ancient cloak
 12711 | D:10     | Identified the +0 cloak of Girei {MR- Slay+5} (You acquired it on level 10 of the Dungeon)
 12941 | D:10     | Noticed a two-headed ogre
 12951 | D:10     | Killed a two-headed ogre
 13435 | D:11     | Noticed an unseen horror
 13443 | D:11     | Killed an unseen horror
 13533 | D:11     | Reached XP level 12. HP: 71/94 MP: 18/18
 13571 | D:11     | Reached skill level 5 in Dodging
 13765 | D:11     | Reached skill level 10 in Axes
 14021 | D:11     | Found a staircase to the Lair.
 14187 | D:11     | Found Semor's Weapon Boutique.
 14346 | D:11     | Learned a level 3 spell: Dazzling Spray
 14391 | Lair:1   | Entered Level 1 of the Lair of Beasts
 14526 | Lair:1   | Reached skill level 5 in Spellcasting
 16377 | Lair:2   | Got an ancient dagger
 16437 | Lair:2   | Noticed Harold
 16442 | Lair:2   | Killed Harold
 16442 | Lair:2   | Reached skill level 5 in Poison Magic
 16442 | Lair:2   | Reached XP level 13. HP: 96/101 MP: 21/21
 17463 | Lair:2   | Identified the cursed +1 dagger of Immorality {pain, MR- Str+6} (You found it on level 2 of the Lair of Beasts)
 17604 | Lair:2   | Reached skill level 5 in Throwing
 18014 | Lair:2   | Reached skill level 11 in Axes
 18440 | Lair:2   | Found a hole to the Spider Nest.
 18755 | Lair:3   | Got a crude scarf
 18766 | Lair:3   | Identified the scarf of Agnosticism {rN++} (You acquired it on level 3 of the Lair of Beasts)
 18843 | Lair:3   | Noticed a catoblepas
 18869 | Lair:3   | Killed a catoblepas
 18869 | Lair:3   | Reached skill level 10 in Fighting
 19402 | Lair:3   | Reached skill level 5 in Invocations
 19834 | Lair:3   | Reached ****** piety under Lugonu
 19838 | Lair:3   | HP: 4/103 [spiny frog (16)]
 19861 | Lair:3   | HP: 5/103 [poisoned by a spiny frog]
 19867 | Lair:3   | HP: 3/103 [poisoned by a spiny frog]
 19874 | Lair:3   | HP: 2/103 [poisoned by a spiny frog]
 19881 | Lair:3   | HP: 2/103 [poisoned by a spiny frog]
 19889 | Lair:3   | HP: 2/103 [poisoned by a spiny frog]
 20813 | Lair:4   | Reached XP level 14. HP: 91/110 MP: 22/22
 21048 | Lair:4   | Reached skill level 1 in Shields
 21062 | Lair:4   | Found a staircase to the Shoals.
 21677 | Lair:5   | Noticed a dire elephant
 21694 | Lair:5   | Killed a dire elephant
 22313 | Lair:5   | Got an agate-encrusted scale mail
 22324 | Lair:5   | Identified the +3 scale mail "Peah" {rPois Dex+4} (You found it on level 5 of the Lair of Beasts)
 22444 | Lair:5   | Reached skill level 12 in Axes
 22869 | Lair:6   | Entered Level 6 of the Lair of Beasts
 24740 | Lair:6   | Reached XP level 15. HP: 102/117 MP: 24/24
 25074 | Lair:6   | Reached skill level 5 in Hexes
 25080 | Lair:6   | Learned a level 4 spell: Cause Fear
 25540 | Lair:6   | Found a staircase to the Slime Pits.
 25557 | Lair:6   | Identified a +1 pair of boots of running (You found it on level 6 of the Lair of Beasts)
 25782 | D:12     | Noticed Psyche
 25791 | D:12     | Killed Psyche
 26081 | D:12     | Found a staircase to the Orcish Mines.
 26469 | D:12     | Reached skill level 13 in Axes
 26712 | D:12     | Found a burning altar of Makhleb.
 26957 | Orc:1    | Entered Level 1 of the Orcish Mines
 26957 | Orc:1    | Noticed a stone giant
 27154 | D:12     | Killed a stone giant
 27506 | Orc:1    | Found a frozen archway.
 27589 | IceCv    | Entered an ice cave
 28133 | IceCv    | Got a brightly glowing pewter ring
 28135 | IceCv    | Got a vibrating turquoise ring
 28137 | IceCv    | Got an ancient graven amulet
 28141 | IceCv    | Got a brightly glowing ruby amulet
 28149 | IceCv    | Identified the ring of the Scavenger {rC+ rN+ Dex+4} (You found it in an ice cave)
 28151 | IceCv    | Identified the ring of Ozxotzia {Str+3 Int+3 Slay+2} (You found it in an ice cave)
 28162 | IceCv    | Identified the amulet of Mistrust {Spirit rN+ MP-9 Str+3} (You found it in an ice cave)
 28164 | IceCv    | Identified the amulet of Itoicim {+Rage rElec MR+} (You found it in an ice cave)
 28482 | Orc:1    | Reached skill level 5 in Stealth
 28868 | Orc:1    | Noticed an orc warlord
 28869 | Orc:1    | Noticed an orc warlord
 28897 | Orc:1    | Killed an orc warlord
 28912 | Orc:1    | Killed an orc warlord
 28918 | Orc:1    | Reached skill level 5 in Shields
 29596 | Orc:2    | Entered Level 2 of the Orcish Mines
 29657 | Orc:2    | Found a staircase to the Elven Halls.
 30073 | Orc:2    | Reached XP level 16. HP: 126/126 MP: 25/25
 30697 | Orc:2    | Found Xiamuobb's General Store.
 30700 | Orc:2    | Found Siuphyaz's Antique Armour Boutique.
 30703 | Orc:2    | Found Gaunleys's Jewellery Shop.
 30705 | Orc:2    | Found Qonli's Book Boutique.
 30713 | Orc:2    | Bought the amulet of the Four Winds {rN+ MR+++ Clar} for 658 gold pieces
 30763 | Orc:2    | Reached skill level 14 in Axes
 31949 | D:13     | Got a steaming ring mail
 31960 | D:13     | Identified the +3 ring mail "Rofirr" {rPois rN+ MR+} (You found it on level 13 of the Dungeon)
 32073 | D:13     | Got a polished rapier
 32074 | D:13     | Identified the +3 rapier of Fobbanuh {pain, rN+++ Str-4 Int-3 Dex+3} (You found it on level 13 of the Dungeon)
 32193 | D:13     | Noticed kuniqs's ghost (journeyman MiFi)
 32217 | D:13     | Killed kuniqs's ghost
 33815 | D:13     | Found a gate to the Vaults.
 34153 | D:14     | Got a distressingly furry ring mail
 34245 | D:14     | Identified the +1 ring mail of Xeutak {Slay+3} (You found it on level 14 of the Dungeon)
 35374 | D:14     | Reached XP level 17. HP: 134/134 MP: 27/27
 35480 | D:15     | Entered Level 15 of the Dungeon
 36302 | D:15     | Found a staircase to the Depths.
 36328 | D:15     | Reached skill level 15 in Axes
 37462 | Spider:1 | Entered Level 1 of the Spider Nest
 38961 | Spider:2 | Noticed Jorgrun
 38978 | Spider:2 | Killed Jorgrun
 38978 | Spider:2 | Reached skill level 10 in Crossbows
 39568 | Spider:2 | Noticed Asterion
 39582 | Spider:2 | Killed Asterion
 39582 | Spider:2 | Reached XP level 18. HP: 94/142 MP: 28/30
 40734 | Spider:3 | Reached skill level 10 in Armour
 42728 | Spider:4 | Entered Level 4 of the Spider Nest
 42729 | Spider:4 | Corrupted Spider:4
 42749 | Spider:4 | Noticed a lich
 42749 | Spider:4 | Noticed Donald
 42765 | Spider:4 | Killed Donald
 42765 | Spider:4 | Reached skill level 16 in Axes
 45202 | Spider:4 | Reached XP level 19. HP: 124/149 MP: 4/31
 45551 | Spider:4 | Reached skill level 1 in Conjurations
 45585 | Spider:4 | Upgraded the game from 0.20.0-4-g10b340a to 0.20.0-6-gd3061e9
 45718 | Spider:4 | Reached skill level 5 in Air Magic
 45753 | Spider:4 | Got a gossamer rune of Zot
 46004 | Vaults:1 | Entered Level 1 of the Vaults
 46014 | Vaults:1 | Found Pojodyosuy's Jewellery Shop.
 46022 | Vaults:1 | Bought the amulet of Secrets {*Corrode rElec Regen+ Dex+4 Slay+5} for 1152 gold pieces
 47635 | Vaults:2 | Noticed Aizul
 47658 | Vaults:1 | Killed Aizul
 47839 | Vaults:1 | Reached skill level 17 in Axes
 48124 | Vaults:1 | Learned a level 4 spell: Force Lance
 48448 | Vaults:2 | Reached skill level 10 in Shields
 48515 | Vaults:2 | Reached XP level 20. HP: 95/158 MP: 33/33
 50018 | Vaults:2 | Reached skill level 10 in Hexes
 50691 | Vaults:3 | Reached skill level 18 in Axes
 50733 | Vaults:3 | Got a pitted cloak
 50744 | Vaults:3 | Identified the +3 cloak of Lugonu's Pride {*Corrode MR+ Dex+3} (You acquired it on level 3 of the Vaults)
 50992 | Vaults:3 | Found a staircase to the Crypt.
 51223 | Vaults:3 | Noticed Xtahua
 51224 | Vaults:3 | Reached skill level 15 in Fighting
 51245 | Vaults:3 | Slain by Xtahua

Skill      XL: |  1  2  3  4  5  6  7  8  9 10 11 12 13 14 15 16 17 18 19 20 |
---------------+-------------------------------------------------------------+-----
Fighting       | 4 5 6 7 8 9 10 11 12 13 14 15 | 15.0
Dodging        | 1 2 3 4 5 6 7 8 |  8.6
Axes           | 3 5 6 7 8 9 10 11 12 13 14 15 16 17 18 | 18.2
Throwing       | 1 2 3 4 5 6 7 |  7.7
Armour         | 3 4 6 7 8 9 10 | 10.8
Stealth        | 1 2 3 4 5 6 7 |  7.6
Spellcasting   | 1 3 4 5 6 7 8 9 |  9.5
Poison Magic   | 1 3 4 5 6 7 |  7.8
Air Magic      | 1 2 3 4 5 |  5.1
Crossbows      | 2 4 5 6 8 9 10 11 | 11.4
Polearms       | 1 2 |  2.2
Hexes          | 1 2 3 4 7 8 9 10 | 10.1
Invocations    | 5 8 9 |  9.7
Shields        | 3 5 6 7 9 10 | 10.6
Conjurations   | 1 |  1.1
Maces & Flails | |  0.6
Ice Magic      | |  0.4
Evocations     | |  0.4

Action                   |  1- 3 |  4- 6 |  7- 9 | 10-12 | 13-15 | 16-18 | 19-21 || total
-------------------------+-------+-------+-------+-------+-------+-------+-------++-------
Melee: Hand axe          |    93 |   130 |       |       |       |       |       ||   223
       Flail             |       |    66 |       |       |       |       |       ||    66
       War axe           |       |     5 |   468 |    78 |       |       |       ||   551
       Spear             |       |       |     7 |   100 |       |       |       ||   107
       Broad axe         |       |       |       |   235 |   731 |   897 |   594 ||  2457
       Mace              |       |       |       |       |     4 |     5 |       ||     9
 Fire: Hand crossbow     |       |       |    47 |   216 |   299 |    61 |       ||   623
       Arbalest          |       |       |       |       |       |   231 |   204 ||   435
Throw: Tomahawk          |       |    20 |    34 |    50 |    75 |   136 |    16 ||   331
       Javelin           |       |     3 |     3 |       |       |       |       ||     6
 Cast: Poisonous Vapours |       |       |    14 |    84 |    29 |    72 |    26 ||   225
       Ensorcelled Hiber |       |       |     3 |       |     1 |       |       ||     4
       Confuse           |       |       |     1 |     7 |       |    21 |    12 ||    41
       Tukima's Dance    |       |       |       |    10 |     2 |    28 |    22 ||    62
       Dazzling Spray    |       |       |       |       |     1 |     7 |     9 ||    17
       Cause Fear        |       |       |       |       |       |     3 |     2 ||     5
Invok: Depart the Abyss  |     1 |       |       |       |       |       |       ||     1
       Bend Space        |       |       |     1 |     2 |     3 |     1 |     1 ||     8
       Banish            |       |       |       |       |     2 |    10 |       ||    12
       Corrupt           |       |       |       |       |       |     1 |       ||     1
 Abil: Shaft Self        |       |     1 |       |     1 |       |       |       ||     2
       Dig               |       |       |     1 |     6 |    13 |     7 |     1 ||    28
Evoke: Wand              |       |       |       |       |       |     3 |     5 ||     8
  Use: Scroll            |       |     7 |     5 |     6 |    12 |    13 |     3 ||    46
       Potion            |       |       |     9 |     3 |     3 |     6 |     6 ||    27
 Stab: Sleeping          |     2 |       |     6 |     2 |     3 |    10 |     6 ||    29
       Confused          |       |       |     1 |       |       |       |     4 ||     5
       Distracted        |       |       |       |       |     2 |     3 |     1 ||     6
       Invisible         |       |       |       |       |       |     3 |     2 ||     5
  Eat: Chunk             |     2 |     6 |    24 |    40 |    52 |    29 |    15 ||   168
       Royal jelly       |       |       |       |       |       |     7 |     2 ||     9
Armor: Robe              |    23 |       |       |       |       |       |       ||    23
       Leather armour    |     1 |       |   108 |    76 |       |       |       ||   185
       Chain mail        |    24 |   162 |   152 |       |       |       |       ||   338
       Ring mail         |       |       |       |    95 |    86 |   283 |   136 ||   600
       Scale mail        |       |       |       |       |   158 |    56 |       ||   214
Dodge: Dodged            |    53 |    78 |   266 |   331 |   329 |   580 |   307 ||  1944
Block: Shield            |       |       |       |       |   272 |   640 |   286 ||  1198
